 Dungeon Crawl Stone Soup version 0.31.0-9-g3a7656b989 (webtiles) character file.

Game seed: 14721917859648907003

2535 odthatnigga the Protected (level 9, -6/117 HPs)
             Began as a Minotaur Berserker on Jan 25, 2024.
             Was an Elder of Trog.
             Mangled by an ogre
             ... wielding a +0 giant club
              (12 damage)
             ... on level 6 of the Dungeon.
             The game lasted 00:52:51 (7462 turns).

odthatnigga the Protected (Minotaur Berserker)      Turns: 7462, Time: 00:52:52

Health: -6/117     AC: 27    Str: 24 (26) XL:     9   Next: 30%
Magic:  8/8        EV:  2    Int:  1 (4)  God:    Trog [****..]
Gold:   252        SH:  0    Dex: 15 (16) Spells: 8/8 levels left

rFire   . . .        o - +1 rapier (protect)
rCold   . . .        (no shield)
rNeg    . . .        f - melded +0 scale mail
rPois   +            (helmet currently unavailable)
rElec   .            (cloak currently unavailable)
rCorr   .            (gloves currently unavailable)
SInv    .            (boots currently unavailable)
Will    .....        (no amulet)
Stlth   ++           k - +5 ring of evasion
HPRegen 0.39/turn    m - +6 ring of dexterity
MPRegen 0.11/turn

%: no passive effects
@: tree-form (expiring), corroded, under a protective aura
A: stationary, stasis, torment immunity, boosted hp, (horns 2), (retaliatory
headbutt)
a: Renounce Religion, Berserk, Trog's Hand, Brothers in Arms


You were on level 6 of the Dungeon.
You worshipped Trog.
Trog was greatly pleased with you.
You were a tree.
You visited 2 branches of the dungeon, and saw 7 of its levels.

You collected 252 gold pieces.

Inventory:

Hand Weapons
 a - a +0 spear
 o - a +1 rapier of protection (weapon)
 F - a +2 flail of pain
 G - a +3 morningstar
 H - a +3 battleaxe
 L - a +1 broad axe of flaming
 O - a +2 flail of protection
 P - a +2 falchion
 R - a +4 great sword
Missiles
 w - 70 stones (quivered)
Armour
 b - a +0 animal skin
 c - a +0 leather armour
 f - a +0 scale mail (melded)
 n - a +0 ring mail
Magical Staves
 v - a staff of air
Jewellery
 k - a +5 ring of evasion (left branch)
 l - a ring of flight
 m - a +6 ring of dexterity (right branch)
 S - a ring of see invisible
Wands
 y - a wand of charming (21)
 Q - a wand of flame (12)
Scrolls
 h - 4 scrolls of torment {unknown}
 i - 4 scrolls of enchant weapon {unknown}
 j - 4 scrolls of identify {unknown}
 p - a scroll of fear {unknown}
 q - 2 scrolls of revelation {unknown}
 r - a scroll of brand weapon {unknown}
 s - 5 scrolls of teleportation {unknown}
 u - a scroll of enchant armour {unknown}
 z - a scroll of blinking {unknown}
 A - 3 scrolls of vulnerability {unknown}
 B - 2 scrolls of amnesia {unknown}
 J - 4 scrolls of butterflies {unknown}
Potions
 d - 3 potions of degeneration
 t - a potion of berserk rage {unknown}
 x - a potion of might {unknown}
 C - a potion of brilliance {unknown}
 D - a potion of haste {unknown}
 E - a potion of attraction {unknown}
 I - 2 potions of mutation {unknown}
 K - 2 potions of invisibility {unknown}
 M - a potion of magic {unknown}
 N - 2 potions of enlightenment {unknown}


   Skills:
 + Level 6.6 Fighting
 + Level 8.1 Short Blades
 + Level 5.0 Polearms
 + Level 8.2 Armour
 + Level 5.8 Dodging
 + Level 1.5 Stealth
 + Level 0.5 Evocations


You had 8 spell levels left.
You didn't know any spells.
Your spell library contained the following spells:

 Spells                   Type           Power      Damage    Failure   Level
 Magic Dart               Conj           0%         1d3       56%         1
 Blink                    Tloc           0%         N/A       71%         2
 Call Imp                 Summ           0%         N/A       71%         2
 Lesser Beckoning         Tloc           0%         N/A       71%         2
 Momentum Strike          Conj/Tloc      0%         3d8       71%         2
 Inner Flame              Hex/Fire       0%         N/A       91%         3
 Flame Wave               Conj/Fire      0%         2d4       100%        4
 Sticky Flame             Fire/Alch      0%         2d4       100%        4


Dungeon Overview and Level Annotations

Branches:
Dungeon (6/15)             Temple (1/1) D:4

Altars:
Ashenzari
Cheibriados
Dithmenos
Elyvilon
Gozag
Hepliaklqana
Kikubaaqudgha
Makhleb
Nemelex Xobeh
Ru
Uskayaw
Vehumet
Wu Jian
Xom
Zin
The Shining One

Shops:
D:1 :


Innate Abilities, Weirdness & Mutations

You are a tree.
Your roots penetrate the ground, keeping you stationary.
You cannot be teleported.
You are immune to unholy pain and torment.
Your maximum health is greatly increased.
Your equipment is partially melded.
((You have a pair of horns on your head.))
((You reflexively headbutt those who attack you in melee.))


Message History

The jelly is severely wounded.
The jelly hits you but does no damage.
You hit the jelly.
Your branches burn!
* * * LOW HITPOINT WARNING * * *
The jelly is severely wounded.
The jelly hits you but does no damage.
You hit the jelly.
You kill the jelly!
Trog accepts your kill.
You recover from your berserk rage.
You cannot move.
You cannot move.
You cannot move.
You cannot move.
You cannot move.
You cannot move.
You cannot move.
You cannot move.
You cannot move.
You cannot move.
You hit the ogre.
The ogre is lightly wounded.
Your transformation is almost over.
The ogre hits you but does no damage.
You hit the ogre but do no damage.
The ogre is lightly wounded.
You hit the ogre.
The ogre is moderately wounded.
The ogre hits you with a +0 giant club.
* * * LOW HITPOINT WARNING * * *
You hit the ogre.
The ogre is heavily wounded.
The ogre hits you with a +0 giant club!
* * * LOW HITPOINT WARNING * * *
You puncture the ogre!
The ogre is severely wounded.
You hit the ogre but do no damage.
The ogre is severely wounded.
The ogre hits you with a +0 giant club!
You die...

#[# #..#.##...#
#.# ###Y##...#
#.#### ##..#..##
#....#
##)##o##'##
####.##
#)...)....#
#..###.8..8..8.#
##..##.........#
##.######'#####
#.....♣O.#
##########


You could see an ogre.

Vanquished Creatures
  Eustachio (D:6)
  An ice beast (D:6)
  A black bear (D:4)
  A sky beast (D:6)
  An ogre (D:6)
  A centaur (D:6)
  2 phantoms
  A kobold brigand (D:6)
  A gnoll sergeant (D:6)
  A bullfrog (D:6)
  2 scorpions (D:6)
  12 wights
  3 bombardier beetles
  5 hounds
  A gnoll bouda (D:6)
  An orc priest (D:5)
  3 jellies
  2 sleepcaps (D:6)
  Ijyb (D:5)
  Natasha (twice) (D:2)
  3 iguanas
  An orc wizard (D:6)
  15 gnolls
  2 adders
  A shadow imp (D:6)
  2 ufetubi (D:6)
  A ribbon worm (D:3)
  A dart slug (D:1)
  12 orcs
  13 endoplasms
  4 giant cockroaches
  5 goblins
  7 hobgoblins
  11 jackals
  17 kobolds
  8 quokkas
  6 ball pythons
  10 bats
  4 frilled lizards
  6 rats
  A butterfly (D:4)
173 creatures vanquished.

Notes
Turn   | Place    | Note
-------+----------+-------------------------------------------
     0 | D:1      | odthatnigga the Minotaur Berserker began the quest for the
                  | Orb.
     0 | D:1      | Reached XP level 1. HP: 19/19 MP: 0/0
   831 | D:1      | Found Dyqaoc's Vocational Training.
   857 | D:1      | Reached XP level 2. HP: 27/27 MP: 1/1
   943 | D:1      | Reached ** piety under Trog
  1066 | D:1      | Reached XP level 3. HP: 33/33 MP: 2/2
  1653 | D:2      | Found a faded altar of an unknown god.
  2158 | D:2      | Noticed Natasha
  2169 | D:2      | Killed Natasha
  2170 | D:2      | Reached XP level 4. HP: 22/41 MP: 3/3
  2217 | D:2      | Noticed Natasha
  2227 | D:2      | Killed Natasha
  2661 | D:3      | Reached skill level 5 in Polearms
  2661 | D:3      | Reached XP level 5. HP: 47/47 MP: 4/4
  2708 | D:3      | Reached *** piety under Trog
  2769 | D:3      | Reached skill level 1 in Short Blades
  2904 | D:3      | Reached skill level 5 in Fighting
  3628 | D:4      | Found an ancient bone altar of Kikubaaqudgha.
  3808 | D:4      | Reached XP level 6. HP: 54/56 MP: 5/5
  3921 | D:4      | Found a staircase to the Ecumenical Temple.
  3996 | Temple   | Entered the Ecumenical Temple
  4418 | D:4      | Found a glowing golden altar of the Shining One.
  4943 | D:5      | Entered Level 5 of the Dungeon
  4950 | D:5      | Noticed Ijyb
  5122 | D:5      | Killed Ijyb
  5123 | D:5      | Reached XP level 7. HP: 61/61 MP: 6/6
  5205 | D:5      | Reached skill level 5 in Armour
  5240 | D:5      | Reached skill level 5 in Short Blades
  5300 | D:5      | Reached **** piety under Trog
  5425 | D:5      | Found a sparkling altar of Nemelex Xobeh.
  5425 | D:5      | Found a transporter.
  5425 | D:5      | Noticed a yak
  5630 | D:5      | Found a glowing silver altar of Zin.
  5630 | D:5      | Found a burning altar of Makhleb.
  5631 | D:5      | Noticed a green death
  5631 | D:5      | Noticed an angel
  5705 | D:5      | Found a shimmering altar of Xom.
  5770 | D:5      | Reached XP level 8. HP: 70/70 MP: 7/7
  5774 | D:5      | Found a snail-covered altar of Cheibriados.
  6123 | D:6      | Noticed Eustachio
  6154 | D:6      | Killed Eustachio
  6167 | D:6      | Reached skill level 1 in Stealth
  6375 | D:6      | Reached skill level 5 in Dodging
  6981 | D:6      | Reached XP level 9. HP: 75/75 MP: 8/8
  7460 | D:6      | HP: 5/117 [ogre/+0 giant club (12)]
  7462 | D:6      | Mangled by an ogre

Illustrated notes

Levels and vault maps discovered:
D:1:      matt_arrival_diagonals, layout_basic, nicolae_shop_vocational
D:2:      layout_loops_ring, chequers_ecumenical_altar_simple, uniq_natasha
D:3:      layout_basic, nicolae_twisty_statue_hallways
D:4:      layout_basic, mainiacjoe_overflow_cross_hatched,
          mainiacjoe_overflow_brackets, minmay_temple_entry_butterflies,
          serial_co_window_serial, co_window_paths_b, co_window_paths_a,
          co_window_corner_a, co_window_corner_a, co_window_paths_a,
          co_window_corner_b, co_window_2corner, co_window_broadway_c,
          co_window_corner_ca, co_window_of_opportunity_c, co_window_paths_e,
          co_window_paths_d
D:5:      minmay_evil_eye, layout_cave_pools,
          grunt_temple_overflow_order_and_chaos_2, grunt_nemelex_the_gamble,
          mainiacjoe_overflow_small_starburst, lemuel_tele_altar, uniq_ijyb
D:6:      minmay_chambers_of_threes, layout_basic, overflow_temple_1_default,
          minivault_26, patterned_corridor, uniq_eustachio
Temple:   compressed_dpeg_triangle_lava_temple

Skill      XL: |  1  2  3  4  5  6  7  8  9 |
---------------+----------------------------+-----
Polearms       | 4 5 |  5.0
Fighting       | 4 5 6 |  6.6
Armour         | 3 4 6 8 |  8.2
Short Blades   | 2 3 5 7 8 |  8.1
Dodging        | 3 4 5 |  5.8
Stealth        | 1 |  1.5
Evocations     | |  0.5

Action                     |  1- 3 |  4- 6 |  7- 9 || total
---------------------------+-------+-------+-------++-------
  Melee: Spear             |    57 |       |       ||    57
         Headbutt          |     9 |    29 |    36 ||    74
         Rapier            |    41 |   146 |   257 ||   444
         Punch             |     1 |     3 |     6 ||    10
 Invoke: Berserk           |       |     2 |     3 ||     5
         Trog's Hand       |       |       |     3 ||     3
  Evoke: Wand              |       |       |     5 ||     5
    Use: Potion            |       |       |     7 ||     7
 Armour: Scale mail        |    48 |    85 |   160 ||   293
         Animal skin       |     5 |       |       ||     5
         Skin              |       |       |    67 ||    67
  Dodge: Dodged            |    81 |   148 |   349 ||   578
